Tangles, neutral female gnomish Tourist --------------- ------------------ --- --..........||.|---|................|--------------|.-- --- |...-------.--.|...|................|uGf|..|...|...|..|--.--- ---.--- |....|...-..--|--.........|[?]|..|...|...|..|.....-- |...| ---..|...|..|...|..-----..|$d@|..|-|---+--....|....-- --- --.--- |...-----..|...|--|...|.)--|---+-.........|.----...---.---- --..--- |..........|...|..|...-....d........-----..)..............| |.....| ---........|---|%.|...|))[...--+-...|...|....----.---.....| --..|.--- |.----...|(((|+------..{...| .|...+...|.%.-- --- ---..-- ---|...| |.|..-...|(((|.............|..|...|...|.)-- ---- ---.--- |.|..|...|...|-|-.....---S-------------.-| |...| |.----...--|-|..|..-|-|........[..)......| ---.--- ---...|........|..|..|..|----....---------.-- ---- |...| --.....|..#.....----..|..|%%.+..%%|......||..--- |..--- --------.---......|-....{.....)..|..|%! |..%.-...._(||.)..| --....| --...---...........--..|....#...).------ -....|......||....---.....| ---......................|-.....................|---------......>....--- -....<............-------------------.-----..----|.....................--- |...--.|.--.|......| | ---- --.....--............|..| --..|---------.--.-- --..--------.|..|.----.| ---- ------ ---- -------- -- Tangles the Excursionist Experience level: 6 Strength: 12 Dexterity: 18 Constitution: 16 Intelligence: 12 Wisdom: 9 Charisma: 15 Health: 0(45) Energy: 21(21) Def: 5 Gold: 0 Moves: 3934 Dungeon seed: jUe-F-6gOhgGmEKo Game ID: Tangles_1466149804 Your Inventory: Amulets C - an uncursed amulet versus poison (being worn) Weapons a - 47 +2 darts (in quiver) n - a corroded +2 aklys (weapon in hand) u - a blessed +1 orcish dagger v - a +0 orcish dagger M - a corroded +2 dart U - 8 +0 darts Armor e - an uncursed +0 Hawaiian shirt (being worn) h - an uncursed +0 dwarvish roundshield (being worn) i - an uncursed +0 pair of iron shoes (being worn) q - a cursed +0 alchemy smock (being worn) X - an uncursed +0 dwarvish iron helm (being worn) Comestibles b - 2 uncursed carrots c - 7 uncursed food rations g - an uncursed banana o - an uncursed candy bar p - an uncursed melon t - an uncursed sprig of wolfsbane H - an uncursed tin of acid blob O - an uncursed partly eaten food ration Rings s - an uncursed ring of cold resistance Wands k - a wand of secret door detection (0:11) A - a wand of lightning (0:6) P - a wand of magic missile (0:4) Q - a wand of digging (0:3) R - a wand of probing (0:7) S - a wand of speed monster (0:4) V - a wand of digging (0:6) Tools j - an expensive camera (0:80) l - an uncursed skeleton key m - an uncursed oil lamp (0:603) w - an uncursed credit card D - an uncursed lock pick E - an uncursed mirror F - an uncursed sack G - a tinning kit (0:94) I - a blessed oil lamp (0:1018) J - 2 uncursed wax candles (0:400) K - an uncursed mirror Gems r - an uncursed worthless piece of white glass Contents of the sack: 4 uncursed tripe rations an uncursed scroll of create monster an uncursed scroll of enchant weapon an uncursed scroll of fire an uncursed scroll of identify 4 uncursed scrolls of magic mapping Spells and supernatural/magical abilities: Name Level Category Fail Memory i - invisibility 4 escape 100% 88% I - identify 3 divination 100% 92% W - pray for help -- divine ? -- Your skills at the end: Miscellaneous Skills wands [Basic] Weapon Skills club [Basic] dart [Basic] Spellcasting Skills Final Attributes: You were devoutly aligned. You were poison resistant. You were acid resistant. You were telepathic. You had infravision. You were fast. You are dead. Vanquished creatures: a blue jelly 3 human zombies a bugbear an imp 14 Mordor orcs 3 Uruk-hai a rock piercer a kobold mummy a little dog a floating eye a dwarf 2 homunculi a kobold lord a rabid rat 2 giant bats 2 orc zombies 6 dwarf zombies 2 werejackals 3 coyotes a gas spore a hobbit an acid blob a large kobold 4 geckos 3 giant rats 6 cave spiders a yellow mold a green mold a red mold a garter snake 7 manes 2 gnome zombies 4 jackals a fox 2 kobolds 5 newts 3 goblins 2 sewer rats 2 grid bugs 3 lichens 2 kobold zombies 101 creatures vanquished. Voluntary challenges: You had been an atheist until turn 2061. You used a wielded weapon 107 times, starting on turn 259. You did not apply a unicorn horn. You read items or engraved 32 times, starting on turn 1402. You never genocided any monsters. You never polymorphed an object. You never changed form. You used no wishes. You never split a pudding. You wrote Elbereth's name 5 times, starting on turn 2018. You never violated your personal moral code. Dungeon overview: The Dungeons of Doom: levels 1 to 3 Level 1 a long staircase Level 2 some fountains stairs to The Gnomish Mines Level 3 The Gnomish Mines: levels 3 to 6 Level 3 stairs to The Dungeons of Doom Level 4 Level 5 Level 6 <- You were here many shops, a temple to Blind Io, a magic chest, some fountains, some trees History has recorded: On T:1 you entered the Dungeons of Doom to retrieve the Amulet of Yendor! On T:120 you reached level 2 of The Dungeons of Doom. On T:394 you reached level 3 of The Dungeons of Doom. On T:437 you reached level 1 of The Gnomish Mines. On T:533 you advanced to experience level 2. On T:560 you reached level 3 of The Gnomish Mines. On T:577 you reached level 2 of The Gnomish Mines. On T:657 you advanced to experience level 3. On T:1279 you advanced to experience level 4. On T:1626 you reached level 4 of The Gnomish Mines. On T:1972 you advanced to experience level 5. On T:2052 you entered the Minetown temple On T:2065 you opened a magic chest. On T:2144 you opened a magic chest. On T:2154 you opened a magic chest. On T:2156 you opened a magic chest. On T:2158 you opened a magic chest. On T:2160 you opened a magic chest. On T:2178 you opened a magic chest. On T:2219 you opened a magic chest. On T:2981 you opened a magic chest. On T:2982 you opened a magic chest. On T:3110 you advanced to experience level 6. Score breakdown: Gold: 0 ( 0 points) Experience: 6 levels ( 500 points) Exploration: 6 levels ( 150 points) Discoveries: 12 items ( 600 points) Variety of kills: 41 monsters ( 2000 points) Major goal: reached Minetown ( 500 points) Survival: died (score multiplied by 3) Total score: 11250 Latest messages: You drop a scroll called DAIYEN 100 (unpaid, 133 zorkmids). You hear some noises. You see here a leather armor (6 zorkmids). You hear some noises in the distance. You hear some noises. You hear some noises in the distance. You see here an orange gem (266 zorkmids). You see here a bronze plate mail (533 zorkmids). The white unicorn butts! The white unicorn kicks! You hit the white unicorn. The white unicorn just misses! The white unicorn kicks! The white unicorn butts! The white unicorn kicks! The white unicorn butts! The white unicorn kicks! The white unicorn butts! You die... Akalapi gratefully inherits all your possessions. Final status: Aloha Tangles the Tourist, killed by a white unicorn... You died in The Gnomish Mines on dungeon level 6 with 11250 points, and 0 pieces of gold, after 3934 moves. You were level 6 with a maximum of 45 hit points when you died.